 Dungeon Crawl Stone Soup version 0.14-a0-1361-g0512ea0 (webtiles) character file.

596 PolkaDot the Cutter (level 6, -5/48 HPs)
             Began as a Vampire Death Knight on Dec 7, 2013.
             Was a Believer of Yredelemnul.
             Killed by divine providence
             ... invoked by an orc priest
              (8 damage)
             ... on Level 4 of the Dungeon.
             The game lasted 00:14:43 (3417 turns).

PolkaDot the Cutter (Vampire Death Knight)          Turns: 3417, Time: 00:14:43

HP  -5/48        AC  6     Str 12      XL: 6   Next: 87%
MP   8/8         EV 13     Int 13      God: Yredelemnul [**....]
Gold 115         SH  0     Dex 15      Spells:  0 memorised,  5 levels left

rFire  . . .     SeeInvis +     a - +0 sabre
rCold  . . .     Clarity  .     b - +0 leather armour
rNeg   + . .     Conserve .     (no shield)
rPois  .         rCorr    .     (no helmet)
rElec  .         rRot     .     n - +0 cloak
SustAb . .       Spirit   .     o - +1 pair of gloves
rMut   .         Warding  .     (no boots)
Saprov . . .     Stasis   .     (no amulet)
                                (no ring)
                                (no ring)

@: very slightly contaminated, slightly resistant to hostile enchantments,
unstealthy
A: bottle blood, fangs 3, see invisible, unbreathing
a: Bat Form, Bottle Blood, Animate Remains, Recall Undead Slaves, Injury Mirror,
Renounce Religion


You were on level 4 of the Dungeon.
You worshipped Yredelemnul.
Yredelemnul was pleased with you.
You were not thirsty.

You visited 1 branch of the dungeon, and saw 4 of its levels.

You collected 115 gold pieces.

Inventory:

Hand weapons
 a - a +0,+0 sabre (weapon)
Armour
 b - a +0 leather armour (worn)
 n - a +0 cloak (worn)
 o - a +1 pair of gloves (worn)
Scrolls
 c - a scroll of enchant armour {unknown}
 d - a scroll of recharging {unknown}
 e - a scroll of curse armour {unknown}
 f - a scroll of amnesia {unknown}
 k - a scroll of random uselessness {unknown}
 p - a scroll of fear {unknown}
 s - 2 scrolls of enchant weapon II {unknown}
 u - a scroll of immolation {unknown}
 w - 3 scrolls of identify {unknown}
 y - a scroll of enchant weapon I {unknown}
Potions
 t - a potion of poison {unknown}
 v - a potion of lignification
 z - a potion of degeneration {unknown}
 A - a potion of magic {unknown}


   Skills:
 + Level 3.6 Fighting
 * Level 5.8 Short Blades
 - Level 0.7 Armour
 + Level 4.1 Dodging
 - Level 2.4 Invocations


You had 5 spell levels left.
You didn't know any spells.

Dungeon Overview and Level Annotations

Branches:
Dungeon (4/16)
 Temple: D:4-7

Altars:


Innate Abilities, Weirdness & Mutations

You can bottle blood from corpses.
You have razor-sharp teeth.*
You have supernaturally acute eyesight.
You can survive without breathing.*


Message History

You kill the orc wizard!
Yredelemnul accepts your kill.
The orc priest hits your gnoll zombie but does no damage.
What do you say? t - Shout!
Orders for allies: a - Attack new target. p - Attack previous target. r - Retreat! s - Stop attacking. w - Wait here. f - Follow me.
Anything else - Stay silent.
Gang up on whom?
Press: ? - help, Dir - move target cursor, f/p - orc priest
Aim: an orc priest, wielding a glowing orcish dagger Attack!
Your gnoll zombie hits the orc priest.
The orc priest barely misses your gnoll zombie.
Drink which item? (? for menu, Esc to quit)
Okay, then.
The orc priest calls down the wrath of Beogh upon you.
Something smites you!
You die...
Yredelemnul claims you as an undead slave.

#. ###'### #.....# ..
#.....# ###'##
###.....### ......#
#('.....'.### ......#
..#.....#.).###......#
#....z###..z#?.....#
#.....# ###@zo..>..#
#...z.# ###......+
#.....# ......#
###z### ###'### #.##
.. #..# . ## ######z##
.###.zz....#
.#.z.......'.....


You could see an orc priest, a friendly gnoll zombie and a friendly hobgoblin
skeleton.

Vanquished Creatures
  The ghost of thfral the Cudgeler, an experienced FoAK of Lugonu (D:4)
  3 orc priests
  An orc wizard (D:4)
  Terence (D:2)
  2 gnolls (D:4)
  6 adders
  A giant eyeball (D:4)
  9 orcs
  2 ball pythons
  8 goblins
  10 hobgoblins
  4 jackals (D:2)
  5 kobolds
  An ooze (D:2)
  8 bats
  4 giant cockroaches
  A giant gecko (D:3)
  5 giant newts
  A hobgoblin skeleton (D:4)
  6 rats
79 creatures vanquished.

Vanquished Creatures (collateral kills)
  A gnoll (D:4)
  2 orcs
  A bat skeleton (D:4)
  A hobgoblin (D:3)
  2 bats
  A giant newt (D:3)
8 creatures vanquished.

Vanquished Creatures (others)
  A gnoll zombie (D:4)
  3 orc zombies (D:4)
  A rat zombie (D:4)
5 creatures vanquished.

Grand Total: 92 creatures vanquished

Notes
Turn   | Place    | Note
--------------------------------------------------------------
     0 | D:1      | PolkaDot, the Vampire Death Knight, began the quest for the Orb.
     0 | D:1      | Reached XP level 1. HP: 16/16 MP: 1/1
   171 | D:1      | Reached XP level 2. HP: 16/22 MP: 2/2
   877 | D:2      | Noticed Terence
  1268 | D:2      | Reached skill level 3 in Short Blades
  1268 | D:2      | Reached XP level 3. HP: 25/27 MP: 4/4
  1296 | D:2      | Killed Terence
  1296 | D:2      | Acquired Yredelemnul's second power
  1737 | D:3      | Reached XP level 4. HP: 19/34 MP: 5/5
  2514 | D:4      | Reached skill level 4 in Short Blades
  2839 | D:3      | Reached XP level 5. HP: 34/40 MP: 6/6
  2920 | D:4      | Paralysed by a giant eyeball for 2 turns
  2927 | D:4      | Paralysed by a giant eyeball for 4 turns
  3241 | D:4      | Noticed thfral's ghost (experienced FoAK)
  3271 | D:4      | Killed thfral's ghost
  3271 | D:4      | Reached skill level 5 in Short Blades
  3271 | D:4      | Reached XP level 6. HP: 34/48 MP: 8/8
  3414 | D:4      | HP: 2/48 [orc priest/divine providence (14)]
  3417 | D:4      | Killed from afar by an orc priest

Action                   |  1- 3 |  4- 6 || total
-------------------------+-------+-------++-------
Melee: Short sword       |    96 |       ||    96
       Sabre             |    50 |   211 ||   261
Invok: Animate Remains   |     6 |    14 ||    20
  Use: Potion            |     2 |    14 ||    16
 Stab: Distracted        |       |     2 ||     2
       Sleeping          |       |     1 ||     1
       Invisible         |       |     3 ||     3
